[Event "Titled Tuesday Blitz May 2 Early 2023"]
[White "Soham Kamotra"]
[Black "Mekhitarian, Krikor Sevag"]
[WhiteFideId "46647490"]
[BlackFideId "2107660"]
[WhiteElo "2209"]
[BlackElo "2604"]
[Result "1-0"]
[Round "11"]
[TimeControl "180+2"]
[Date "2023.05.03"]
[WhiteClock "0:00:00"]
[BlackClock "0:00:00"]

1. d4 Nf6 2. Nf3 g6 3. Nc3 d5 4. Bf4 c6 5. e3 Bg4 6. h3 Bxf3 7. Qxf3 Bg7 8. O-O-O Nbd7 9. e4 dxe4 10. Nxe4 Nxe4 11. Qxe4 Nf6 12. Qf3 O-O 13. Kb1 Nd5 14. Be5 Bxe5 15. dxe5 Qc7 16. Bc4 e6 17. Qe4 Rad8 18. h4 Qb6 19. Bxd5 cxd5 20. Qf4 Rc8 21. h5 Rc4 22. Qf6 Qd8 23. hxg6 Qxf6 24. gxh7+ Kh8 25. exf6 Rf4 26. f3 Rxf6 27. c4 dxc4 28. Rd7 Rg6 29. g4 Rg7 30. Rxb7 Rxh7 31. Rxh7+ Kxh7 32. Rxa7 Rd8 33. Kc2 Kg6 34. Rc7 Rd3 35. Rxc4 Rxf3 36. a4 e5 37. a5 Rf6 38. b4 Re6 39. b5 e4 40. Rc6 1-0


[Site "https://www.chess.com"]

[Event "Titled Tuesday Blitz May 2 Early 2023"]
[White "Bartel, Michal"]
[Black "Rustemov, Alexander"]
[WhiteFideId "1119257"]
[BlackFideId "4119002"]
[WhiteElo "2282"]
[BlackElo "2525"]
[Result "1-0"]
[Round "11"]
[TimeControl "180+2"]
[Date "2023.05.03"]
[WhiteClock "0:00:00"]
[BlackClock "0:00:00"]

1. e4 e6 2. d4 d5 3. Nc3 dxe4 4. Nxe4 Bd7 5. Bd3 Bc6 6. Nf3 Nd7 7. Qe2 Ngf6 8. O-O Nxe4 9. Bxe4 Bxe4 10. Qxe4 c6 11. Rd1 Be7 12. c3 O-O 13. Bf4 Re8 14. Ne5 Nf6 15. Qf3 Qd5 16. Re1 Qxf3 17. Nxf3 Nd5 18. Bg3 Rad8 19. Rad1 Bf8 20. Bh4 f6 21. Bg3 Kf7 22. Kf1 b5 23. Nd2 a5 24. Ne4 a4 25. a3 Nb6 26. Bc7 Nc4 27. Bxd8 Rxd8 28. Re2 Rd5 29. Ke1 Be7 30. Rb1 Rh5 31. h3 Rd5 32. Nd2 Nb6 33. Kf1 c5 34. Rbe1 cxd4 35. Rxe6 Bd8 36. cxd4 Rxd4 37. Nf3 Rd5 38. R6e4 Nc4 39. Rd4 Rxd4 40. Nxd4 Nxb2 41. Nxb5 Be7 42. Rc1 Ke6 43. Rc7 Nd3 44. g3 g6 45. Ke2 Ne5 46. Ra7 h5 47. Rxa4 Kd5 48. Nc3+ Kc6 49. Ra6+ Kb7 50. Re6 Bd8 51. Nd5 Nd7 52. Re8 Ba5 53. h4 Kc6 54. Nf4 Ne5 55. Rxe5 fxe5 56. Nxg6 Kd5 57. f3 Ke6 58. g4 Kf6 59. gxh5 Bb6 60. a4 Ba5 61. Kd3 Be1 62. Ke4 Bc3 63. Nf8 Kg7 64. Nd7 Kh6 65. Nxe5 Kxh5 66. Nc6 Kxh4 67. a5 Be1 68. a6 Bf2 69. a7 Bxa7 70. Nxa7 1-0


[Site "https://www.chess.com"]

[Event "Titled Tuesday Blitz May 2 Early 2023"]
[White "Quesada Perez, Yuniesky"]
[Black "Hnydiuk, Aleksander"]
[WhiteFideId "3504409"]
[BlackFideId "1109057"]
[WhiteElo "2585"]
[BlackElo "2374"]
[Result "1-0"]
[Round "11"]
[TimeControl "180+2"]
[Date "2023.05.03"]
[WhiteClock "0:00:00"]
[BlackClock "0:00:00"]

1. e4 Nf6 2. e5 Nd5 3. d4 d6 4. Nf3 dxe5 5. Nxe5 c6 6. Be2 Nd7 7. Nf3 N7f6 8. c4 Nb6 9. Nc3 Bg4 10. b3 e6 11. O-O Bb4 12. Bb2 O-O 13. a3 Be7 14. h3 Bh5 15. Qd2 Qc7 16. Rad1 Rad8 17. Qe3 a6 18. Rfe1 c5 19. Ne4 Nxe4 20. Qxe4 Bf6 21. g4 Bg6 22. Qe3 Rfe8 23. Bf1 a5 24. g5 Be7 25. Ne5 a4 26. dxc5 Bxc5 27. Qc3 Bf8 28. b4 Bf5 29. h4 Rxd1 30. Rxd1 Rd8 31. Rxd8 Qxd8 32. Qd4 Qc7 33. h5 Nc8 34. h6 Ne7 35. Nd7 Nc6 36. Qd2 Bd6 37. c5 Bh2+ 38. Kh1 Bf4 39. Qd1 e5 40. Nb6 Bxg5 41. hxg7 Bf4 42. Bg2 Qe7 43. Qh5 Qf6 44. Nd5 Qg6 45. Nxf4 exf4 46. Qf3 Qe6 47. b5 Na5 48. Qxf4 1-0


[Site "https://www.chess.com"]

[Event "Titled Tuesday Blitz May 2 Early 2023"]
[White "Hayrapetyan, Hovik"]
[Black "Avazkhonov, Alikhon"]
[WhiteFideId "13302639"]
[BlackFideId "14208504"]
[WhiteElo "2348"]
[BlackElo "1739"]
[Result "1-0"]
[Round "11"]
[TimeControl "180+2"]
[Date "2023.05.03"]
[WhiteClock "0:00:01"]
[BlackClock "0:00:00"]

1. c4 e5 2. Nc3 d6 3. Nf3 f5 4. g3 Nf6 5. d3 Be7 6. Bg2 O-O 7. O-O Nc6 8. Rb1 a5 9. a3 Qe8 10. b4 axb4 11. axb4 Nd8 12. b5 Ne6 13. Ng5 Nxg5 14. Bxg5 h6 15. Bxf6 Bxf6 16. Nd5 Bd8 17. Qc2 f4 18. c5 c6 19. bxc6 bxc6 20. cxd6 f3 21. Bxf3 Rxf3 22. exf3 cxd5 23. Rfe1 Qe6 24. d4 Qf5 25. Qc6 Ra6 26. Qe8+ Qf8 27. Qxf8+ Kxf8 28. Rb8 Rc6 29. d7 Bxd7 30. Rxd8+ Ke7 31. Ra8 1-0


[Site "https://www.chess.com"]

[Event "Titled Tuesday Blitz May 2 Early 2023"]
[White "Manukyan, Artyom"]
[Black "Mikhailovsky, Vladimir"]
[WhiteFideId "13305786"]
[BlackFideId "34105414"]
[WhiteElo "2078"]
[BlackElo "2275"]
[Result "0-1"]
[Round "11"]
[TimeControl "180+2"]
[Date "2023.05.03"]
[WhiteClock "0:00:00"]
[BlackClock "0:00:00"]

1. e4 Nf6 2. e5 Nd5 3. d4 d6 4. Nf3 dxe5 5. Nxe5 c6 6. Be2 Bf5 7. O-O Nd7 8. f4 Nxe5 9. fxe5 e6 10. c4 Nc7 11. Nc3 Be7 12. Be3 Bg5 13. Qd2 Bxe3+ 14. Qxe3 O-O 15. Bd3 Bxd3 16. Qxd3 c5 17. d5 exd5 18. cxd5 Ne6 19. Rf3 Nd4 20. Rh3 h6 21. Rf1 Qg5 22. Re1 Rad8 23. Rg3 Qf5 24. Qe3 Kh8 25. Rf1 Qh5 26. Rh3 Qg6 27. Rf6 Nf5 28. Rxg6 Nxe3 29. Rxe3 fxg6 30. e6 Rfe8 31. Kf2 b5 32. Ke2 a6 33. a3 b4 34. axb4 cxb4 35. Na4 Rxd5 36. Nb6 Rd6 0-1


[Site "https://www.chess.com"]

[Event "Titled Tuesday Blitz May 2 Early 2023"]
[White "Bayasgalan, Khishigbaatar"]
[Black "Kosakowski, Jakub"]
[WhiteFideId "4904311"]
[BlackFideId "1185080"]
[WhiteElo "2057"]
[BlackElo "2488"]
[Result "0-1"]
[Round "11"]
[TimeControl "180+2"]
[Date "2023.05.03"]
[WhiteClock "0:00:00"]
[BlackClock "0:00:00"]

1. d4 Nf6 2. c4 e6 3. Nc3 Bb4 4. Qc2 O-O 5. e4 d5 6. cxd5 exd5 7. e5 Ne4 8. Bd3 c5 9. Bxe4 dxe4 10. dxc5 Nc6 11. Ne2 Nxe5 12. O-O Qd3 13. Qa4 Bxc5 14. Qxe4 Qxe4 15. Nxe4 Bb6 16. N2c3 Bf5 17. Nd6 Be6 18. Na4 Rfd8 19. Nxb6 axb6 20. Ne4 Bc4 21. Re1 Nd3 22. Rd1 Nxc1 23. Rdxc1 Rxa2 24. Rxa2 Bxa2 25. f3 Kf8 26. Rc7 Bd5 27. Nd2 b5 28. Kf2 Bc6 29. Ke3 h6 30. Nb3 Rd1 31. Nd4 Rb1 32. b3 Rb2 33. g4 Rxh2 34. Nf5 Kg8 35. Rc8+ Kh7 36. Rc7 Rb2 37. Rxf7 Rxb3+ 38. Kd4 Rxf3 39. Rxg7+ Kh8 40. Rg6 b4 41. Rxh6+ Kg8 42. Ne7+ Kg7 43. Rh2 Bd7 44. g5 b3 45. Nd5 Be6 46. Nc3 Kg6 47. Rh6+ Kf7 48. Rh7+ Kg6 49. Rh6+ Kf7 50. Rh7+ Kg8 51. Rxb7 Rf5 52. Ne4 Rd5+ 53. Ke3 Rd1 54. Nf6+ Kf8 55. g6 Rg1 56. Nh7+ Ke8 57. Nf6+ Kf8 58. Nh7+ Ke8 59. g7 Kd8 60. Nf6 Rg6 61. Ne4 Bd5 62. Rb6 Rxb6 63. Nc3 Bg8 64. Kd3 Rb7 65. Kd2 Rxg7 66. Kc1 Rc7 67. Kb2 Rxc3 68. Kxc3 Kc7 69. Kb2 Kb6 70. Kb1 Kc5 71. Kb2 Kb4 72. Kb1 Kc3 73. Kc1 Bc4 74. Kb1 Be2 75. Ka1 b2+ 76. Ka2 Bc4+ 77. Ka3 b1=Q 78. Ka4 Qa2# 0-1


[Site "https://www.chess.com"]

[Event "Titled Tuesday Blitz May 2 Early 2023"]
[White "Vakhlamov, Igor L."]
[Black "Gutkin, Ilya"]
[WhiteFideId "24126748"]
[BlackFideId "16203470"]
[WhiteElo "2400"]
[BlackElo "2265"]
[Result "1-0"]
[Round "11"]
[TimeControl "180+2"]
[Date "2023.05.03"]
[WhiteClock "0:00:00"]
[BlackClock "0:00:00"]

1. e4 e6 2. d4 d5 3. Nc3 Nf6 4. Bd3 c5 5. Nf3 cxd4 6. Nxd4 dxe4 7. Nxe4 Nc6 8. Nxf6+ Qxf6 9. Nxc6 bxc6 10. O-O Bd6 11. Qh5 h6 12. Be4 Bb7 13. Rd1 Rd8 14. Be3 Qe5 15. Qxe5 Bxe5 16. c3 Bb8 17. Bc5 f5 18. Bf3 Kf7 19. g3 e5 20. a4 e4 21. Be2 Bc8 22. a5 Be6 23. a6 Bb3 24. Rd4 Rxd4 25. Bxd4 Rc8 26. Ra3 Be6 27. Bc5 Rd8 28. Be3 Bd6 29. Ra5 Rd7 30. h4 Ke7 31. Kf1 Kd8 32. Ke1 Kc8 33. h5 Kb8 34. Bd4 Bc7 35. Ra4 Bb6 36. Rb4 Kc7 37. Be5+ Kc8 38. Ra4 c5 39. Bb5 Rd5 40. Bxg7 Bf7 41. Be2 Rd6 42. Be5 Re6 43. Bf4 Bc7 44. Bc4 Rf6 45. Be3 Be8 46. Ra1 Bxh5 47. Bxc5 Rc6 48. b4 Bb6 49. Bd5 Rc7 50. Bxb6 1-0


[Site "https://www.chess.com"]

[Event "Titled Tuesday Blitz May 2 Early 2023"]
[White "Djordjevic, Vuk"]
[Black "Novik, Maxim"]
[WhiteFideId "902098"]
[BlackFideId "4102924"]
[WhiteElo "2452"]
[BlackElo "2287"]
[Result "0-1"]
[Round "11"]
[TimeControl "180+2"]
[Date "2023.05.03"]
[WhiteClock "0:00:00"]
[BlackClock "0:00:00"]

1. d4 Nf6 2. Bg5 c5 3. Bxf6 exf6 4. Nc3 d5 5. e3 Nc6 6. Nge2 Be6 7. g3 Qb6 8. Rb1 Be7 9. Bg2 Rd8 10. O-O O-O 11. Nf4 cxd4 12. Ncxd5 Bxd5 13. Nxd5 Rxd5 14. Bxd5 dxe3 15. fxe3 Ne5 16. Re1 Rd8 17. Kg2 f5 18. Qd4 Qc7 19. c4 Bf6 20. Qf4 g6 21. e4 Qa5 22. exf5 Nd3 23. Qf3 Nxe1+ 24. Rxe1 Qxe1 25. fxg6 Qd2+ 26. Kf1 Qc1+ 27. Kg2 Qxb2+ 28. Kh3 hxg6 29. Bxb7 Kg7 30. Bd5 Rh8+ 31. Kg4 Qd4+ 32. Qf4 Qxf4+ 33. Kxf4 Rxh2 0-1


[Site "https://www.chess.com"]

[Event "Titled Tuesday Blitz May 2 Early 2023"]
[White "Vitenberg, Noam Aviv"]
[Black "Gabrielian, Artur"]
[WhiteFideId "1532138"]
[BlackFideId "4131002"]
[WhiteElo "2236"]
[BlackElo "2432"]
[Result "0-1"]
[Round "11"]
[TimeControl "180+2"]
[Date "2023.05.03"]
[WhiteClock "0:00:00"]
[BlackClock "0:00:00"]

1. Nh3 d5 2. g3 Nf6 3. f3 c5 4. Nf2 Nc6 5. Bg2 e5 6. O-O Be7 7. e4 d4 8. d3 h5 9. f4 h4 10. f5 hxg3 11. hxg3 Nh5 12. Qg4 g6 13. Qf3 gxf5 14. exf5 Nf6 15. Ne4 Nb4 16. Na3 Nbd5 17. Nc4 Qc7 18. Nxf6+ Nxf6 19. Re1 Nd7 20. Qd5 f6 21. g4 Nb6 22. Nxb6 axb6 23. g5 Bxf5 24. gxf6 Bxf6 25. Bf4 Rd8 26. Bxe5 Rxd5 27. Bxc7+ Kd7 28. Bxd5 Kxc7 29. Rf1 Rh5 30. Bg2 Bg5 31. Rf3 Be6 32. Re1 Be3+ 33. Rexe3 dxe3 34. Rxe3 Bxa2 35. Re7+ Kc8 36. Rxb7 Rg5 37. Re7 Bd5 38. Re2 Kc7 39. Rf2 Kd6 40. Kf1 Be6 41. Rf6 Ke7 42. Rf2 b5 43. Be4 b4 44. Rh2 Kd6 45. Kf2 Rg8 46. Ke3 Rg3+ 47. Kf4 Rg4+ 48. Kf3 Rg1 49. Rh6 Ke5 50. Rh5+ Kd4 51. c3+ bxc3 52. bxc3+ Kxc3 53. Rxc5+ Kd4 54. Rc6 Bg4+ 55. Kf2 Ra1 56. Rd6+ Ke5 57. Rg6 Kf4 58. Rf6+ Kg5 59. Rf8 Bh5 60. Ke3 Bg4 61. Kd4 Ra4+ 62. Ke5 Ra5+ 63. Bd5 Be2 64. d4 Bc4 65. Rg8+ Kh6 66. Rd8 Kg7 67. Ke6 Ra6+ 68. Ke7 Ra7+ 69. Ke6 Ra6+ 70. Ke5 Ra5 71. Ke4 Bf1 72. Rd7+ Kg6 73. Ke5 Bg2 74. Ke6 Bh3+ 75. Ke7 Bxd7 76. Be4+ Bf5 77. Bxf5+ Kxf5 78. Kd6 Ke4 0-1


[Site "https://www.chess.com"]

[Event "Titled Tuesday Blitz May 2 Early 2023"]
[White "Jovic, Stanoje"]
[Black "Karthik Rajaa"]
[WhiteFideId "905020"]
[BlackFideId "25035215"]
[WhiteElo "2236"]
[BlackElo "2215"]
[Result "0-1"]
[Round "11"]
[TimeControl "180+2"]
[Date "2023.05.03"]
[WhiteClock "0:00:00"]
[BlackClock "0:00:00"]

1. c4 Nf6 2. g3 g6 3. Bg2 Bg7 4. Nc3 O-O 5. Nf3 d6 6. O-O c5 7. d4 Nc6 8. dxc5 dxc5 9. Bf4 Nh5 10. Be3 b6 11. Qa4 Bd7 12. Rfd1 Nd4 13. Qa6 Nc2 14. Qb7 Qc8 15. Ne1 Nxe3 16. fxe3 Qxb7 17. Bxb7 Rad8 18. Nb5 Bxb2 19. Rab1 Bxb5 20. cxb5 Bc3 21. Nf3 Nf6 22. h3 Nh5 23. Kf2 Ng7 24. g4 Ne6 25. a4 Nc7 26. Bc6 f6 27. Nh4 Kf7 28. Ng2 e6 29. Nf4 Be5 30. Nd3 Bc3 31. Rdc1 Ba5 32. Nb2 Nd5 33. Nc4 Bb4 34. Kf3 Nc3 35. Ra1 Ke7 36. Rc2 Rd1 37. Rxd1 Nxd1 38. Rc1 Rd8 39. h4 Nc3 40. h5 Rd1 41. Rxd1 Nxd1 42. hxg6 hxg6 43. Be4 g5 44. Bc2 Nc3 45. Bb3 Nd5 46. e4 Nc3 47. Nb2 Ba3 48. Nd3 Nb1 49. Kg2 Nd2 50. Bc2 Nxe4 51. Ne5 Nd6 52. Nc6+ Kd7 53. Nxa7 c4 54. Nc6 Bc5 55. Kf3 Kc7 56. e3 f5 57. Ne7 Kd7 58. Ng6 Nf7 59. Ne5+ Nxe5+ 60. Ke2 Nxg4 61. e4 f4 62. e5 Nxe5 63. Be4 Bd4 64. a5 bxa5 65. b6 Bxb6 66. Kd1 Kd6 67. Kc2 g4 0-1


[Site "https://www.chess.com"]

[Event "Titled Tuesday Blitz May 2 Early 2023"]
[White "Preotu, Razvan"]
[Black "Leenhouts, Koen"]
[WhiteFideId "2613280"]
[BlackFideId "1008439"]
[WhiteElo "2407"]
[BlackElo "2409"]
[Result "1-0"]
[Round "11"]
[TimeControl "180+2"]
[Date "2023.05.03"]
[WhiteClock "0:00:00"]
[BlackClock "0:00:00"]

1. e4 e5 2. Nf3 d6 3. d4 exd4 4. Nxd4 Nf6 5. Nc3 Be7 6. Bf4 O-O 7. Qd2 Nc6 8. O-O-O Nxd4 9. Qxd4 Be6 10. Be2 a6 11. Qe3 Nd7 12. g4 Bh4 13. Bg3 Re8 14. f4 b5 15. g5 Bxg3 16. hxg3 b4 17. Nd5 a5 18. Qf3 c6 19. Ne3 Bxa2 20. Rxh7 Nf8 21. Rh2 Qe7 22. Qh5 Ng6 23. Qh7+ Kf8 24. Qh8+ Nxh8 25. Rxh8# 1-0


[Site "https://www.chess.com"]

[Event "Titled Tuesday Blitz May 2 Early 2023"]
[White "Lavrik, Dmitry"]
[Black "Budrewicz, Krzysztof"]
[WhiteFideId "24113190"]
[BlackFideId "1127950"]
[WhiteElo "2345"]
[BlackElo "2230"]
[Result "1-0"]
[Round "11"]
[TimeControl "180+2"]
[Date "2023.05.03"]
[WhiteClock "0:00:00"]
[BlackClock "0:00:00"]

1. c4 Nf6 2. Nf3 g6 3. g3 Bg7 4. Bg2 O-O 5. O-O d6 6. Nc3 e5 7. d3 c6 8. Rb1 Re8 9. Bg5 h6 10. Bxf6 Bxf6 11. Qd2 Bg7 12. b4 d5 13. cxd5 cxd5 14. d4 e4 15. Ne5 Nc6 16. Nxc6 bxc6 17. e3 h5 18. Na4 h4 19. Rfc1 Ba6 20. Nc5 Bc4 21. Nb3 g5 22. Na5 Bd3 23. Rb3 Rc8 24. Bh3 Rc7 25. Rbc3 hxg3 26. hxg3 Qf6 27. Qd1 Rb8 28. a3 Rb6 29. Qh5 Bb5 30. Bg4 Bf8 31. Kg2 Qg6 32. Qxg6+ fxg6 33. Be6+ Kg7 34. Bxd5 Bd3 35. Rxc6 Rcxc6 36. Rxc6 Bd6 37. Rxb6 axb6 38. Nc4 Bxc4 39. Bxc4 Kf6 40. g4 Be7 41. Bd5 Bf8 42. Bxe4 Be7 43. Kf3 Bf8 44. Bd3 Bd6 45. Ke4 Ke6 46. Bc4+ Kd7 47. Kd5 Bh2 48. f3 Bg1 49. e4 Be3 50. e5 Bc1 51. a4 Bd2 52. b5 Bb4 53. Bd3 Bc3 54. Bxg6 Bb2 55. Bf5+ Kc7 56. Ke4 Kd8 57. d5 Ke7 58. d6+ Kd8 59. e6 Ba3 60. Kd5 1-0


[Site "https://www.chess.com"]

[Event "Titled Tuesday Blitz May 2 Early 2023"]
[White "Vlassov, Nikolai"]
[Black "Kucuksari, Kaan"]
[WhiteFideId "4103360"]
[BlackFideId "6380166"]
[WhiteElo "2324"]
[BlackElo "2364"]
[Result "1-0"]
[Round "11"]
[TimeControl "180+2"]
[Date "2023.05.03"]
[WhiteClock "0:00:00"]
[BlackClock "0:00:00"]

1. e4 c5 2. c3 Nc6 3. d4 cxd4 4. cxd4 d5 5. exd5 Qxd5 6. Nf3 Bg4 7. Nc3 Qd8 8. d5 Bxf3 9. gxf3 Ne5 10. Bf4 Nd7 11. Qb3 Ngf6 12. Qxb7 g5 13. Bc7 Qc8 14. Ba6 Qxb7 15. Bxb7 Rd8 16. Bxd8 Kxd8 17. Rc1 Bg7 18. Nb5 Nb6 19. Nxa7 Kd7 20. Bc6+ Kd6 21. Nb5+ Ke5 22. O-O Nfxd5 23. Rfe1+ Kf6 24. Nc3 Nf4 25. Red1 e6 26. Kf1 Rb8 27. Ne2 Nxe2 28. Kxe2 Kg6 29. b3 h5 30. h3 h4 31. Rd3 Be5 32. a4 Bf4 33. Rc5 Rc8 34. Be4+ f5 35. Rxc8 Nxc8 36. Bb7 Nd6 37. Bc6 Nf7 38. Be8 Kf6 39. Bxf7 Kxf7 40. Rd7+ Kg6 41. a5 g4 42. fxg4 fxg4 43. hxg4 h3 44. Kf1 Bb8 45. a6 h2 46. Kg2 1-0


[Site "https://www.chess.com"]

[Event "Titled Tuesday Blitz May 2 Early 2023"]
[White "Garv Gaur"]
[Black "Djokic, Mihailo"]
[WhiteFideId "45030839"]
[BlackFideId "976440"]
[WhiteElo "2068"]
[BlackElo "2294"]
[Result "1-0"]
[Round "11"]
[TimeControl "180+2"]
[Date "2023.05.03"]
[WhiteClock "0:00:01"]
[BlackClock "0:00:00"]

1. d4 Nf6 2. Nf3 g6 3. c4 Bg7 4. g3 O-O 5. Bg2 d6 6. O-O Nc6 7. Nc3 a6 8. h3 Rb8 9. e4 b5 10. e5 dxe5 11. dxe5 Qxd1 12. Rxd1 Nd7 13. cxb5 axb5 14. Be3 Ndxe5 15. Nxe5 Nxe5 16. Ba7 b4 17. Bxb8 bxc3 18. bxc3 Bxh3 19. Bxc7 Bg4 20. Rd8 Rxd8 21. Bxd8 e6 22. a4 Bf3 23. a5 Bxg2 24. Kxg2 Nc6 25. Bb6 Bxc3 26. Rc1 Bxa5 27. Rxc6 Bb4 28. Bc5 Bc3 29. Rc8+ Kg7 30. Bf8+ Kg8 31. Bh6# 1-0


[Site "https://www.chess.com"]

[Event "Titled Tuesday Blitz May 2 Early 2023"]
[White "Chernomordik, Pavel"]
[Black "Koellner, Ruben Gideon"]
[WhiteFideId "2804530"]
[BlackFideId "12993093"]
[WhiteElo "2193"]
[BlackElo "2314"]
[Result "0-1"]
[Round "11"]
[TimeControl "180+2"]
[Date "2023.05.03"]
[WhiteClock "0:00:00"]
[BlackClock "0:00:00"]

1. e4 d6 2. d4 Nf6 3. Nc3 e5 4. Nf3 Nbd7 5. g4 d5 6. dxe5 Nxe4 7. Qxd5 Nxc3 8. bxc3 c6 9. Qd3 Qa5 10. e6 fxe6 11. Bg2 Ne5 12. Nxe5 Qxe5+ 13. Be3 Bb4 14. O-O Bxc3 15. f4 Qa5 16. Rad1 O-O 17. Be4 g6 18. Bxg6 hxg6 19. Qxg6+ Bg7 20. Bd4 Qc7 21. Be5 Qf7 22. Qg5 b6 23. h4 Kh7 24. h5 Ba6 25. Rd7 Qxd7 26. Qg6+ Kh8 27. Qh6+ Kg8 28. Qg5 Bxf1 29. h6 Rf7 30. hxg7 Rxg7 31. Bxg7 Qxg7 32. Qh4 Be2 33. g5 Bf3 34. Kf2 Be4 35. Qg4 Bf5 36. Qe2 Rd8 37. Kg3 Qd4 0-1


[Site "https://www.chess.com"]

[Event "Titled Tuesday Blitz May 2 Early 2023"]
[White "Korchmar, Vasiliy"]
[Black "Ibadov, Dashgyn"]
[WhiteFideId "24131750"]
[BlackFideId "24107514"]
[WhiteElo "2370"]
[BlackElo "2208"]
[Result "1-0"]
[Round "11"]
[TimeControl "180+2"]
[Date "2023.05.03"]
[WhiteClock "0:00:00"]
[BlackClock "0:00:00"]

1. e4 e6 2. d4 d5 3. e5 c5 4. c3 Qb6 5. Nf3 Nc6 6. Be2 Nh6 7. Bxh6 gxh6 8. Qd2 Bg7 9. O-O O-O 10. Na3 Bd7 11. Nc2 f6 12. exf6 Rxf6 13. dxc5 Qxc5 14. Ncd4 Raf8 15. Bd3 Qd6 16. Rae1 Be8 17. Qc2 Nxd4 18. cxd4 Rxf3 19. gxf3 Bxd4 20. Kh1 Bh5 21. Rg1+ Kh8 22. Rg3 Bxf3+ 23. Kg1 e5 24. Qd2 e4 25. Be2 Be5 26. Bxf3 Bxg3 27. hxg3 Rxf3 28. Rxe4 Rxg3+ 29. Kf1 Rg1+ 30. Kxg1 Qg6+ 31. Kf1 Qxe4 32. Qc3+ d4 33. Qc8+ Kg7 34. Qd7+ Kg6 35. Qd6+ Kf5 36. Qd7+ Kf4 37. Qf7+ Ke5 38. Qe7+ Kf4 39. Qf6+ Kg4 40. Qg7+ Kh5 41. Qf7+ 1-0


[Site "https://www.chess.com"]

[Event "Titled Tuesday Blitz May 2 Early 2023"]
[White "Golichenko, Ilija"]
[Black "Gurevich, Dmitry"]
[WhiteFideId "14117223"]
[BlackFideId "2000407"]
[WhiteElo "2339"]
[BlackElo "2506"]
[Result "0-1"]
[Round "11"]
[TimeControl "180+2"]
[Date "2023.05.03"]
[WhiteClock "0:00:00"]
[BlackClock "0:00:00"]

1. d4 Nf6 2. c4 a6 3. Nc3 c5 4. d5 b5 5. cxb5 axb5 6. Nxb5 Qa5+ 7. Nc3 Bb7 8. Bd2 Qb6 9. e4 e6 10. Bc4 Nxe4 11. dxe6 fxe6 12. Nxe4 Bxe4 13. Nf3 Be7 14. O-O O-O 15. Ng5 Bg6 16. h4 h6 17. h5 Bf5 18. Nf3 Bg4 19. Be2 Bxh5 20. Bc3 d5 21. Ne5 Bxe2 22. Qxe2 Bf6 23. f4 Qd6 24. Ng6 Rf7 25. Be5 Qd7 26. a3 Nc6 27. Bxf6 Rxf6 28. Ne5 Nxe5 29. Qxe5 Rf5 30. Qc3 d4 31. Qc4 Qd5 32. Rac1 Raf8 33. Qxd5 Rxd5 34. g3 g5 35. fxg5 Rxf1+ 36. Kxf1 Rxg5 37. Kf2 Kf7 38. a4 Ke7 39. a5 Kd6 40. a6 Rg8 41. Ra1 Ra8 42. a7 Kc7 43. Ra6 e5 44. Kf3 Kb7 45. Ra5 Kb6 46. b4 cxb4 47. Rxe5 b3 48. Re1 Kc5 49. Rb1 Kb4 50. Ke4 Rxa7 51. Kxd4 Rg7 0-1


[Site "https://www.chess.com"]

[Event "Titled Tuesday Blitz May 2 Early 2023"]
[White "Garakov, Mikhael"]
[Black "Vaibhav Jayant Raut"]
[WhiteFideId "4169034"]
[BlackFideId "5089034"]
[WhiteElo "2347"]
[BlackElo "2156"]
[Result "0-1"]
[Round "11"]
[TimeControl "180+2"]
[Date "2023.05.03"]
[WhiteClock "0:00:00"]
[BlackClock "0:00:00"]

1. e4 c5 2. Nf3 e6 3. c4 Nc6 4. Nc3 e5 5. d3 g6 6. Nd5 Bg7 7. Bg5 f6 8. Be3 d6 9. h4 Nge7 10. h5 Nxd5 11. cxd5 Ne7 12. h6 Bf8 13. Nd2 a6 14. a4 b6 15. Nc4 Rb8 16. f4 b5 17. axb5 axb5 18. fxe5 bxc4 19. exf6 Ng8 20. f7+ Kxf7 21. dxc4 Nf6 22. Bd3 Be7 23. O-O Rf8 24. e5 dxe5 25. Qc2 Qb6 26. b4 Bf5 27. Bxf5 gxf5 28. Qxf5 Rg8 29. Qxh7+ Kf8 30. bxc5 Qb2 31. Rf2 Qxf2+ 32. Bxf2 Nxh7 33. d6 Nf6 34. Ra7 Re8 0-1


[Site "https://www.chess.com"]

[Event "Titled Tuesday Blitz May 2 Early 2023"]
[White "Souleidis, Georgios"]
[Black "Pandey Srishti"]
[WhiteFideId "4206827"]
[BlackFideId "35093290"]
[WhiteElo "2401"]
[BlackElo "2083"]
[Result "0-1"]
[Round "11"]
[TimeControl "180+2"]
[Date "2023.05.03"]
[WhiteClock "0:00:00"]
[BlackClock "0:00:00"]

1. e4 e5 2. Nc3 Nf6 3. d4 exd4 4. Qxd4 Nc6 5. Qd3 Bb4 6. Bd2 O-O 7. O-O-O Re8 8. Nge2 d6 9. Bg5 h6 10. Bxf6 Qxf6 11. Nd5 Qd8 12. Nxb4 Nxb4 13. Qd2 a5 14. Nc3 Be6 15. a3 Nc6 16. f4 f5 17. exf5 Bxf5 18. h3 Be6 19. g4 Qf6 20. f5 Bf7 21. Bg2 Ne5 22. Bd5 Nc4 23. Bxc4 Bxc4 24. Rhe1 b5 25. Nd5 Qf7 26. Nf4 b4 27. a4 b3 28. c3 Qd7 29. Qd4 Qxa4 30. Kd2 c5 31. Rxe8+ Rxe8 32. Qxd6 Qa2 33. Ne6 Qxb2+ 34. Ke3 Qe2+ 35. Kf4 Bxe6 36. fxe6 Rf8+ 0-1


[Site "https://www.chess.com"]

[Event "Titled Tuesday Blitz May 2 Early 2023"]
[White "Singh, Arvinder Preet"]
[Black "Tasev, Dejan"]
[WhiteFideId "5013240"]
[BlackFideId "936618"]
[WhiteElo "2124"]
[BlackElo "2244"]
[Result "1-0"]
[Round "11"]
[TimeControl "180+2"]
[Date "2023.05.03"]
[WhiteClock "0:00:00"]
[BlackClock "0:00:00"]

1. e4 e6 2. d4 d5 3. Nc3 Nf6 4. e5 Ng8 5. f4 h5 6. Nf3 g6 7. Be3 a6 8. Bd3 Nh6 9. Ne2 Nf5 10. Bf2 Be7 11. c3 b6 12. Qd2 c5 13. dxc5 bxc5 14. b4 Nd7 15. O-O h4 16. Bxf5 gxf5 17. Ng5 Bb7 18. a3 Qc7 19. Rab1 Qc6 20. bxc5 d4 21. Rxb7 Qxb7 22. cxd4 Bxg5 23. fxg5 h3 24. gxh3 Rxh3 25. Nf4 Rh7 26. g6 fxg6 27. Nxe6 Qf3 28. Nc7+ Ke7 29. Qg5+ Kf8 30. Bg3 Qe4 31. Rf4 Qb1+ 32. Rf1 Qe4 33. Nxa8 Qxd4+ 34. Bf2 Qxe5 35. Qd8+ Qe8 36. Qxe8+ Kxe8 37. Nc7+ Kd8 38. Ne6+ Kc8 39. Bg3 Nf6 40. Rb1 Kd7 41. Nf8+ Kc6 42. Nxh7 Nxh7 43. Rc1 Ng5 44. Bd6 Ne4 45. h4 g5 46. h5 g4 47. h6 Ng5 48. Bf4 Nh3+ 49. Kh2 Nxf4 50. h7 Ng6 51. Kg3 Kc7 52. c6 a5 53. a4 Kc8 54. c7 1-0


[Site "https://www.chess.com"]

[Event "Titled Tuesday Blitz May 2 Early 2023"]
[White "Ilamparthi A R"]
[Black "Makhmudov, Shukhrat"]
[WhiteFideId "45015775"]
[BlackFideId "14200775"]
[WhiteElo "2348"]
[BlackElo "2135"]
[Result "1-0"]
[Round "11"]
[TimeControl "180+2"]
[Date "2023.05.03"]
[WhiteClock "0:00:00"]
[BlackClock "0:00:00"]

1. e4 e5 2. Nf3 Nc6 3. d3 Bc5 4. g3 Nf6 5. Bg2 d5 6. exd5 Nxd5 7. O-O O-O 8. Re1 f6 9. Nbd2 a6 10. c3 Kh8 11. a4 Nde7 12. Ne4 Ba7 13. Qc2 Bf5 14. Bd2 Qd7 15. Rad1 Rad8 16. Bc1 Bh3 17. Bh1 Bg4 18. Qb3 Qc8 19. Be3 Bxe3 20. Rxe3 b6 21. Rd2 Na5 22. Qc2 Nb7 23. d4 Nf5 24. Re1 Bxf3 25. Bxf3 exd4 26. Bg4 dxc3 27. Rxd8 Rxd8 28. Nxf6 gxf6 29. Bxf5 1-0


[Site "https://www.chess.com"]

[Event "Titled Tuesday Blitz May 2 Early 2023"]
[White "Mirzoev, Azer"]
[Black "Janaszak, Dawid"]
[WhiteFideId "13400304"]
[BlackFideId "1119206"]
[WhiteElo "2525"]
[BlackElo "2220"]
[Result "1-0"]
[Round "11"]
[TimeControl "180+2"]
[Date "2023.05.03"]
[WhiteClock "0:00:00"]
[BlackClock "0:00:00"]

1. c4 Nf6 2. Nc3 g6 3. e4 d6 4. d4 Bg7 5. Bg5 O-O 6. Qd2 c5 7. d5 e6 8. f3 exd5 9. cxd5 h6 10. Be3 a6 11. a4 Nbd7 12. Nh3 Ne5 13. Nf2 Kh7 14. Be2 Rb8 15. O-O g5 16. Ra3 Bd7 17. a5 Ng6 18. Rb1 Nh5 19. b4 cxb4 20. Rxb4 Nhf4 21. Bf1 Rc8 22. Rxb7 Ne5 23. Bd4 Rb8 24. Rb6 Qc7 25. Bxa6 Nc4 26. Bxc4 Qxc4 27. Bxg7 Kxg7 28. h3 Qc5 29. Rab3 Ra8 30. a6 Rfc8 31. Kh2 Qc4 32. Qb2 Rxa6 33. Nb5+ Kg8 34. Rxa6 Qf1 35. Ng4 Rc1 36. Ra8+ Bc8 37. Rxc8+ Rxc8 38. Nxh6+ Kh7 39. Nf5 Rg8 40. Ng3 Qe1 41. Nxd6 Rg6 42. Ndf5 g4 43. fxg4 Nxh3 44. gxh3 1-0


[Site "https://www.chess.com"]